 Dungeon Crawl Stone Soup version 0.17.0-23-g0de4337 (webtiles) character file.

11240 JudasIscariot the Blocker (level 11, 0/85 HPs)
             Began as a Demonspawn Fighter on Nov 14, 2015.
             Was an Elder of Trog.
             Slain by an eight-headed hydra (12 damage)
             ... on level 11 of the Dungeon.
             The game lasted 00:33:53 (7832 turns).

JudasIscariot the Blocker (Demonspawn Fighter)      Turns: 7832, Time: 00:33:53

Health: 0/85       AC: 18    Str: 26 (27) XL:     11   Next: 46%
Magic:  11/11      EV:  8    Int: 12      God:    Trog [****..]
Gold:   607        SH: 18    Dex:  9 (10) Spells: 0 memorised, 10 levels left

rFire  + . .     SeeInvis .     H - +1 morningstar (flame)
rCold  + + .     Clarity  .     Q - +3 leather armour "Gidoniquro" {rPois Str+5 Int+4}
rNeg   + + .     SustAt   .     q - +0 large shield
rPois  +         Gourm    .     (helmet restricted)
rElec  .         Spirit   .     t - +0 cloak
rCorr  .         Warding  +     J - +1 pair of gloves
rMut   .         Stasis   .     g - +0 pair of boots
MR     .....                    k - amulet of warding
Stlth  ++........               (no ring)
                                r - ring of Wyssumei {*Confuse rF+ rC++ rN+ Stlth+}

@: not resistant to hostile enchantments, unstealthy
A: antennae 2, hooves 1, rough black scales 2, deterioration 1, dopey 1, powered
by death 2, regeneration 1, screaming 1, strong 1, subdued magic 1
a: Berserk, Trog's Hand, Brothers in Arms, Burn Spellbooks, Renounce Religion


You were on level 11 of the Dungeon.
You worshipped Trog.
Trog was greatly pleased with you.
You were hungry.

You visited 1 branch of the dungeon, and saw 11 of its levels.
You visited the Abyss 1 time.

You collected 607 gold pieces.

Inventory:

Hand Weapons
 a - a +1 flail
 w - a +2 flail of protection
 H - a +1 morningstar of flaming (weapon)
 L - the +8 falchion "Ikkieqei" {slice, Int+5 Stlth+}
   (You took it off a centaur warrior on level 9 of the Dungeon)

   It inflicts extra damage upon your enemies.
   It affects your intelligence (+5).
   It makes you more stealthy.
Armour
 b - a +0 scale mail
 c - a +1 shield
 g - a +0 pair of boots (worn)
 j - a +0 helmet
 q - a +0 large shield (worn)
 t - a +0 cloak (worn)
 G - a +2 plate armour of cold resistance
 J - a +1 pair of gloves (worn)
 Q - the +3 leather armour "Gidoniquro" (worn) {rPois Str+5 Int+4}
   (You found it on level 9 of the Dungeon)

   It affects your strength (+5).
   It affects your intelligence (+4).
   It protects you from poison.
Jewellery
 k - an amulet of warding (around neck)
 r - the ring of Wyssumei (left hand) {*Confuse rF+ rC++ rN+ Stlth+}
   (You found it on level 5 of the Dungeon)

   [ring of positive energy]

   It protects you from fire.
   It greatly protects you from cold.
   It protects you from negative energy.
   It may confuse you when you take damage.
   It makes you more stealthy.
 F - an uncursed ring of wizardry {unknown}
 K - the cursed ring "Ushyin Reoz" {MR+ EV-5 Int+6, unknown}
   (You found it on level 8 of the Dungeon)

   [ring of evasion]

   It affects your evasion (-5).
   It affects your intelligence (+6).
   It affects your resistance to hostile enchantments.
   It has a curse placed upon it.
 U - an uncursed ring of ice
Wands
 d - a wand of magic darts (17)
 v - a wand of paralysis (10)
 y - a wand of slowing (25)
 I - a wand of enslavement (2)
 O - a wand of enslavement (12)
 P - a wand of lightning (9)
 W - a wand of cold (2)
Scrolls
 f - 9 scrolls of identify
 h - 2 scrolls of fear {unknown}
 o - 2 scrolls of magic mapping
 p - a scroll of enchant armour
 s - 6 scrolls of remove curse
 x - 2 scrolls of enchant weapon
 z - a scroll of amnesia {unknown}
 B - 2 scrolls of recharging {unknown}
 C - a scroll of fog
 E - 2 scrolls of noise {unknown}
 M - a scroll of immolation {unknown}
 T - a scroll of blinking {unknown}
Potions
 l - 2 potions of curing
 m - a potion of flight {unknown}
 n - a potion of agility
 A - a potion of berserk rage {unknown}
 D - a potion of ambrosia {unknown}
 N - a potion of magic {unknown}
 R - a potion of cancellation {unknown}
 S - a potion of poison {unknown}
Comestibles
 e - a bread ration
 i - 7 beef jerkies
 u - 4 meat rations
 V - 6 fruits


   Skills:
 * Level 7.7 Fighting
 * Level 2.4 Long Blades
 + Level 8.4 Maces & Flails
 * Level 7.3 Armour
 * Level 11.2 Shields


You had 10 spell levels left.
You didn't know any spells.

Dungeon Overview and Level Annotations

Branches:
Dungeon (11/15)            Temple (0/1) D:5            Lair (0/8) D:11
    Orc (0/4) D:10

Altars:
Ashenzari
Cheibriados
Kikubaaqudgha
Nemelex Xobeh
Ru
Sif Muna
Trog
Yredelemnul


Innate Abilities, Weirdness & Mutations

You have a pair of antennae on your head.
You are mostly covered in rough black scales (AC +7, Dex -2).
You regenerate health from kills.
You have large cloven feet.
Your body sometimes deteriorates upon taking damage.
You are dopey. (Int -2)
Your natural rate of healing is unusually fast.
You occasionally shout uncontrollably at your foes.
Your muscles are strong. (Str +2)
Your spells are a little easier to cast, but a little less powerful.


Message History

The eight-headed hydra bites you.
* * * LOW HITPOINT WARNING * * *
The eight-headed hydra bites you.
* * * LOW HITPOINT WARNING * * *
The eight-headed hydra closely misses you.
Drink which item? (? for menu, Esc to quit)
You feel better.
You block the eight-headed hydra's attack.
The eight-headed hydra bites you but does no damage. x2
The eight-headed hydra barely misses you.
The eight-headed hydra bites you.
* * * LOW HITPOINT WARNING * * *
You block the eight-headed hydra's attack. x2
The eight-headed hydra bites you.
* * * LOW HITPOINT WARNING * * *
You sock the eight-headed hydra! You burn the eight-headed hydra.
The eight-headed hydra is severely wounded.
The eight-headed hydra bites you but does no damage.
The eight-headed hydra bites you!
You die...

P.PP.P.PPPP....##
.P)PP.PPPP....P#
....PPPPP..P.#.#
....P..P...###.#
##....P..####..#
..............## { .
######........# ...
#........#####T....
###############.@DKK....
................###.....
################# ... .


You could see an eight-headed hydra, a troll and 2 kobolds.

Vanquished Creatures
  Fannar (D:11)
  Erolcha (D:8)
  The ghost of nht the Bludgeoner, a novice OgEn of Okawaru (D:8)
  A centaur warrior (D:9)
  Nergalle (D:11)
  An ugly thing (D:11)
  Psyche (D:9)
  2 trolls
  A freezing wraith (D:8)
  Prince Ribbit (D:9)
  A trapdoor spider (D:7)
  A wyvern (D:9)
  8 yaks (D:9)
  A deep elf mage (D:9)
  2 hippogriffs
  A hungry ghost (D:11)
  Menkaure (D:7)
  A water moccasin (D:9)
  2 black bears
  4 ice beasts
  7 sky beasts
  4 phantoms (D:10)
  2 ogres
  A centaur (D:5)
  3 big kobolds
  3 giant frogs
  A gnoll sergeant (D:7)
  A wyvern skeleton (D:8)
  5 scorpions
  A troll zombie (D:10)
  A giant frog zombie (D:8)
  6 crimson imps
  7 hounds
  2 orc priests
  9 orc wizards
  5 jellies
  A giant frog skeleton (D:5)
  Natasha (twice) (D:2)
  4 iguanas
  8 worker ants
  A killer bee zombie (D:9)
  7 ogre zombies (D:10)
  A hound zombie (D:5)
  2 hound skeletons
  A worker ant zombie (D:6)
  9 adders
  5 gnolls (D:7)
  A river rat (D:11)
  4 shadow imps
  An ooze (D:3)
  An adder skeleton (D:4)
  6 worms
  36 orcs
  A ball python (D:1)
  A bat zombie (D:7)
  A giant cockroach (D:2)
  7 hobgoblins
  14 jackals
  4 quokkas
  9 bats
  2 giant geckos
  5 giant newts
  5 goblins
  A goblin skeleton (D:10)
  A goblin zombie (D:10)
  A hobgoblin skeleton (D:11)
  3 hobgoblin zombies (D:10)
  12 kobolds
  4 orc skeletons (D:10)
  14 orc zombies (D:10)
  A quokka skeleton (D:4)
  9 rats
  A fungus (D:11)
  A plant (D:11)
278 creatures vanquished.

Vanquished Creatures (others)
  A quokka zombie (D:5)
  3 fungi (D:11)
4 creatures vanquished.

Grand Total: 282 creatures vanquished

Notes
Turn   | Place    | Note
--------------------------------------------------------------
     0 | D:1      | JudasIscariot the Demonspawn Fighter began the quest for the Orb.
     0 | D:1      | Reached XP level 1. HP: 18/18 MP: 1/1
   189 | D:1      | Gained mutation: You regenerate a little health from kills. [demonic ancestry]
   189 | D:1      | Reached XP level 2. HP: 18/24 MP: 2/2
   505 | D:2      | Noticed Natasha
   513 | D:2      | Killed Natasha
   513 | D:2      | Gained mutation: You regenerate health from kills. [demonic ancestry]
   513 | D:2      | Reached XP level 3. HP: 14/29 MP: 3/3
   574 | D:2      | Noticed Natasha
   588 | D:2      | Killed Natasha
   655 | D:2      | Reached XP level 4. HP: 32/35 MP: 4/4
  1134 | D:3      | Reached XP level 5. HP: 42/42 MP: 5/5
  1600 | D:4      | Reached skill level 4 in Shields
  1614 | D:4      | Found a bloodstained altar of Trog.
  1642 | D:4      | Became a worshipper of Trog the Wrathful
  1665 | D:4      | Found a sparkling altar of Nemelex Xobeh.
  1765 | D:4      | Reached XP level 6. HP: 24/48 MP: 6/6
  1989 | D:4      | Found a basalt altar of Yredelemnul.
  2100 | D:5      | Entered Level 5 of the Dungeon
  2107 | D:5      | Got a fine turquoise ring
  2108 | D:5      | Identified the ring of Wyssumei {*Confuse rF+ rC++ rN+ Stlth+} (You found it on level 5 of the Dungeon)
  2201 | D:5      | Found a staircase to the Ecumenical Temple.
  2353 | D:5      | Found a shattered altar of Ashenzari.
  2431 | D:5      | Reached skill level 5 in Shields
  2431 | D:5      | Gained mutation: You are partially covered in rough black scales (AC +4, Dex -1). [demonic ancestry]
  2431 | D:5      | Reached XP level 7. HP: 41/55 MP: 7/7
  2889 | D:6      | Noticed Menkaure
  2899 | D:6      | Reached * piety under Trog
  2915 | D:6      | HP: 2/55 [Menkaure (9)]
  2921 | D:6      | HP: 2/55 [Menkaure/nerve-wracking pain (7)]
  3224 | D:6      | Found a deep blue altar of Sif Muna.
  3284 | D:6      | Reached skill level 6 in Shields
  3284 | D:6      | Reached XP level 8. HP: 61/61 MP: 8/8
  3508 | D:6      | Reached skill level 5 in Fighting
  3573 | D:7      | Gained mutation: You are occasionally teleported to nearby monsters. [mutagenic meat]
  3574 | D:7      | Gained mutation: Your spells are a little easier to cast, but a little less powerful. [mutagenic meat]
  3575 | D:7      | Gained mutation: You are dopey. (Int -2) [mutagenic meat]
  3739 | D:7      | Killed Menkaure
  3739 | D:7      | Reached skill level 5 in Maces & Flails
  3762 | D:7      | Reached ** piety under Trog
  3777 | D:7      | Found a snail-covered altar of Cheibriados.
  3974 | D:7      | Reached skill level 5 in Armour
  3974 | D:7      | Reached skill level 7 in Shields
  4019 | D:7      | Gained mutation: You have a pair of small antennae on your head. [demonic ancestry]
  4019 | D:7      | Reached XP level 9. HP: 50/68 MP: 9/9
  4184 | D:7      | Found an ancient bone altar of Kikubaaqudgha.
  4370 | D:8      | Noticed nht's ghost (novice OgEn)
  4387 | D:8      | Killed nht's ghost
  4387 | D:8      | Reached skill level 8 in Shields
  4431 | D:8      | Noticed Erolcha
  4435 | D:8      | Cast into the Abyss (Erolcha)
  4466 | Abyss:1  | Noticed a vampire mage
  4481 | D:8      | Escaped the Abyss
  4522 | D:8      | Killed Erolcha
  4642 | D:8      | Got a scintillating turquoise ring
  4716 | D:8      | Gained mutation: You are mostly covered in rough black scales (AC +7, Dex -2). [demonic ancestry]
  4716 | D:8      | Reached XP level 10. HP: 77/77 MP: 10/10
  4720 | D:8      | Gained mutation: Your body sometimes deteriorates upon taking damage. [mutagenic meat]
  4721 | D:8      | Gained mutation: You occasionally shout uncontrollably at your foes. [mutagenic meat]
  4722 | D:8      | Gained mutation: Your muscles are strong. (Str +2) [mutagenic meat]
  4723 | D:8      | Lost mutation: You are occasionally teleported to nearby monsters. [mutagenic meat]
  4724 | D:8      | Gained mutation: You have large cloven feet. [mutagenic meat]
  4732 | D:8      | Found a sacrificial altar of Ru.
  5026 | D:8      | Reached skill level 9 in Shields
  5140 | D:8      | Gained mutation: Your flesh is cold resistant. [mutagenic meat]
  5141 | D:8      | Lost mutation: Your flesh is cold resistant. [mutagenic meat]
  5143 | D:8      | Gained mutation: You have a pair of antennae on your head. [mutagenic meat]
  5145 | D:8      | Gained mutation: Your natural rate of healing is unusually fast. [mutagenic meat]
  5159 | D:9      | Reached *** piety under Trog
  5354 | D:9      | Noticed Psyche
  5371 | D:9      | Killed Psyche
  5381 | D:9      | Reached skill level 10 in Shields
  5528 | D:9      | Noticed a centaur warrior
  5709 | D:9      | Killed a centaur warrior
  5712 | D:9      | Got an uncursed transparent falchion {slice}
  5713 | D:9      | Identified the +8 falchion "Ikkieqei" {slice, Int+5 Stlth+} (You took it off a centaur warrior on level 9 of the Dungeon)
  5828 | D:9      | Noticed Prince Ribbit
  6027 | D:9      | Got a transparent leather armour
  6038 | D:9      | Identified the +3 leather armour "Gidoniquro" {rPois Str+5 Int+4} (You found it on level 9 of the Dungeon)
  6182 | D:9      | Killed Prince Ribbit
  6182 | D:9      | Reached XP level 11. HP: 64/84 MP: 11/11
  6191 | D:10     | Entered Level 10 of the Dungeon
  6549 | D:10     | Reached skill level 1 in Long Blades
  6595 | D:10     | Found a staircase to the Orcish Mines.
  6966 | D:10     | Reached **** piety under Trog
  7249 | D:11     | Noticed Fannar
  7381 | D:11     | Killed Fannar
  7427 | D:11     | Found a staircase to the Lair.
  7572 | D:11     | Noticed Nergalle
  7574 | D:11     | Noticed a spectral orc warlord
  7613 | D:11     | Killed Nergalle
  7613 | D:11     | Reached skill level 11 in Shields
  7820 | D:11     | Noticed an eight-headed hydra
  7832 | D:11     | Slain by an eight-headed hydra

Action                   |  1- 3 |  4- 6 |  7- 9 | 10-12 || total
-------------------------+-------+-------+-------+-------++-------
Melee: Flail             |    84 |   286 |   411 |   285 ||  1066
       Falchion          |       |       |       |   505 ||   505
       Morningstar       |       |       |       |    48 ||    48
Invok: Berserk           |       |       |     2 |     2 ||     4
       Trog's Hand       |       |       |     1 |     1 ||     2
       Burn Spellbooks   |       |       |       |     1 ||     1
       Brothers in Arms  |       |       |       |     1 ||     1
  Use: Potion            |     1 |     4 |     2 |     2 ||     9
       Scroll            |     2 |     6 |     2 |       ||    10
 Stab: Invisible         |       |     3 |     1 |       ||     4
       Sleeping          |       |       |       |     1 ||     1
  Eat: Chunk             |       |     6 |    11 |    20 ||    37
       Bread ration      |       |       |     1 |     2 ||     3
